Cogmind - Beta 14 @@@ ROGUE MODE // 2024.08.18 @ 02:01:15 Player: lexi^-^ Result: Self-destructed Performance ------------- Evolutions (1) 500 Regions Visited (3) 600 Robots Destroyed (32) 160 Value Destroyed (682) 682 Prototype IDs (0) 0 Alien Tech Used (0) 0 Bonus (0) 0 TOTAL SCORE: 1942 Bonus ------- None Cogmind --------- Core Integrity 308/400 Matter 500/500 Energy 100/100 System Corruption 0% Temperature Cool (0) Movement Core (100) Ox1 Location -9/Materials Parts ------- > --- POWER (1) -------- (None) > --- PROPULSION (2) --- (None) > --- UTILITY (4) ------ High-capacity Matter Pod > --- WEAPON (2) ------- (None) > --- INVENTORY (5) ---- Compact Wheel Weapon Shielding Peak State ------------ > --- POWER ------------ Ion Engine > --- PROPULSION ------- Wheel Compact Wheel > --- UTILITY ---------- High-capacity Matter Pod Sensor Array Medium Armor Plating Tractor Beam > --- WEAPON ----------- Light Assault Rifle Heavy Assault Rifle > --- INVENTORY -------- Compact Wheel Weapon Shielding [Rating: 11] Favorites ----------- Power Ion Engine Engine Ion Engine Propulsion Compact Wheel Wheel Compact Wheel Utility High-capacity Matter Pod Device Sensor Array Storage High-capacity Matter Pod Processor Signal Interpreter Protection Medium Armor Plating Weapon Light Assault Rifle Energy Gun Particle Gun Energy Cannon Beam Cannon Ballistic Gun Light Assault Rifle Build | -11 -10 -10 -9 ------- Run | Yrd Mat Min Mat Slots Evolved 2 | . . . 2 Power . | . . . . Propulsion . | . . . . Utility 2 | . . . 2 Weapon . | . . . . Parts Attached 23 | 6 11 1 5 Power 3 | 1 1 . 1 Engine 3 | 1 1 . 1 Core . | . . . . Reactor . | . . . . Propulsion 6 | 2 3 1 . Treads . | . . . . Leg . | . . . . Wheel 6 | 2 3 1 . Hover . | . . . . Flight . | . . . . Utility 8 | 1 5 . 2 Device 4 | . 3 . 1 Storage 2 | 1 1 . . Processor 1 | . 1 . . Hackware . | . . . . Protection 1 | . . . 1 Artifact . | . . . . Weapon 6 | 2 2 . 2 Energy Gun 1 | . 1 . . Energy Cannon 1 | . . . 1 Ballistic Gun 4 | 2 1 . 1 Ballistic Cannon . | . . . . Launcher . | . . . . Special Weapon . | . . . . Impact Weapon . | . . . . Slashing Weapon . | . . . . Piercing Weapon . | . . . . Special Melee Weapon . | . . . . Unidentified Prototypes . | . . . . Parts Lost 13 | . 3 2 8 Power 3 | . 1 1 1 Propulsion 4 | . 1 1 2 Utility 3 | . . . 3 Weapon 3 | . 1 . 2 Highest Loss Streak 8 | . 2 2 8 To Critical Strikes . | . . . . Average Slot Usage (%) 90 | . 96 81 89 Engine 7 | . 13 . 3 Wheel 24 | . 25 24 21 Device 14 | . 11 14 21 Storage 13 | . 14 14 11 Protection 2 | . . . 10 Energy Gun 5 | . 2 14 . Ballistic Gun 20 | . 25 14 20 Peak Build Rating 11 | 6 8 8 11 Average Rating 7 | 4 6 6 9 On Entrance 5 | . 6 8 7 Naked Turns . | . . . . Heaviest Build 22 | 11 15 14 22 Greatest Support 26 | 26 26 26 26 Greatest Overweight (x) 3 | 3 . . 1 Average Overweight (x) . | . . . . Largest Inventory Capacity 8 | 8 8 5 5 Average Capacity 5 | 7 5 5 5 Most Carried 5 | 4 5 3 3 Average Carried 3 | 1 4 2 2 Final Capacity 8 | 8 5 5 5 Final Carried 4 | 4 3 3 2 Class Distribution -------------------- 100% | Mutant Dominant Class ---------------- Mutant | -10/Materials Mutant | -10/Mines Mutant | -9/Materials Resources | -11 -10 -10 -9 ----------- Run | Yrd Mat Min Mat Matter Collected 925 | 52 694 40 139 Remotely 727 | . 588 . 139 Salvage Created 1098 | . 763 197 138 Parts 70 | . 50 8 12 Haulers Intercepted 1 | . 1 . . Recyclers Shooed 4 | . 3 1 . Parts Field Recycled . | . . . . Retrieved Matter . | . . . . Parts Self-Destructed . | . . . . Prevented . | . . . . Kills | -11 -10 -10 -9 ------- Run | Yrd Mat Min Mat Combat Hostiles Destroyed 20 | . 12 4 4 Guns 20 | . 12 4 4 Classes Destroyed 8 | . 7 1 . Worker 2 | . 2 . . Builder 1 | . . 1 . Hauler 1 | . 1 . . Recycler 3 | . 2 1 . Operator 3 | . 2 . 1 Watcher 2 | . 2 . . Swarmer 6 | . 3 2 1 Grunt 14 | . 9 2 3 Best Kill Streak 4 | . 4 3 2 Combat Bots Only 3 | . 3 2 2 Max Kills in Single Turn 2 | . 1 2 1 Gunslinging . | . . . . Exploded . | . . . . Melee . | . . . . Uniques/NPCs Destroyed . | . . . . Combat | -11 -10 -10 -9 -------- Run | Yrd Mat Min Mat Hostile Shots Fired 157 | . 64 19 74 Missed 43 | . 21 6 16 Damage Taken 1215 | . 519 156 540 Core 254 | . 134 28 92 Absorbed by Shields . | . . . . Core Remaining (%) 67 | 100 . 35 . Volleys Fired 136 | . 90 17 29 Largest 2 | . 2 2 2 Hottest 85 | . 85 85 43 Shots Fired 254 | . 166 34 54 Gun 254 | . 166 34 54 Cannon . | . . . . Launcher . | . . . . Special . | . . . . Kinetic 233 | . 162 17 54 Thermal 21 | . 4 17 . Explosive . | . . . . Electromagnetic . | . . . . Robot Hit Streak 13 | . 13 13 9 Robot Miss Streak 5 | . 5 3 3 Penetration Max . | . . . . Secondary Targets 3 | . 2 1 . Max Gunslinging Chain 1 | . 1 1 . Shots Hit Robots 140 | . 99 23 18 Core Hits 63 | . 44 10 9 Critical Kills 2 | . 2 . . Critical Parts Destroyed . | . . . . Critical Strikes 2 | . 2 . . Destroy 2 | . 2 . . Melee Attacks . | . . . . Impact . | . . . . Slashing . | . . . . Piercing . | . . . . Sneak Attacks . | . . . . Combat Hostiles . | . . . . Follow-up Attacks . | . . . . Damage Inflicted 1482 | . 958 302 222 Guns 1478 | . 954 302 222 Cannons . | . . . . Explosions . | . . . . Melee . | . . . . Ramming 4 | . 4 . . Kinetic 1238 | . 936 80 222 Thermal 240 | . 18 222 . Explosive . | . . . . Electromagnetic . | . . . . Impact . | . . . . Slashing . | . . . . Piercing . | . . . . Highest Corruption . | . . . . Average Corruption . | . . . . Corruption Purged . | . . . . Corruption Blocked . | . . . . Overload Shots . | . . . . Overflow Damage . | . . . . Projectiles . | . . . . Explosions . | . . . . Melee . | . . . . Knockbacks . | . . . . Impact . | . . . . Kinetic . | . . . . Secondary . | . . . . Self-Inflicted Damage 2 | . 2 . . Shots . | . . . . Rammed 1 | . 1 . . Targets Rammed 1 | . 1 . . Kicked . | . . . . Crushed . | . . . . Highest Temperature 246 | . 92 246 8 Average Temperature 46 | . 17 103 2 Received Heat Transfer 489 | . 279 66 144 Siege Activations . | . . . . Robots Corrupted . | . . . . Combat Hostiles . | . . . . Parts Fried . | . . . . Impact Corruptions . | . . . . Robots Melted . | . . . . Combat Hostiles . | . . . . Parts Melted . | . . . . Heat Transferred 555 | . 37 518 . Parts Sabotaged . | . . . . Parts Stolen . | . . . . Parts Stripped . | . . . . Power Chain Reactions . | . . . . Alert | -11 -10 -10 -9 ------- Run | Yrd Mat Min Mat Peak Influence 342 | . 342 89 108 Initial 54 | . . 54 21 Average 122 | . 196 78 30 Maximum Alert Level 1 | . 1 . . Low Security (%) 71 | 100 40 100 100 Level 1 28 | . 59 . . Level 2 . | . . . . Level 3 . | . . . . Level 4 . | . . . . Level 5 . | . . . . High Security . | . . . . Max Security . | . . . . Squads Dispatched 4 | . 2 . 2 Investigation 2 | . 1 . 1 Extermination . | . . . . Reinforcement 2 | . 1 . 1 Assault . | . . . . Garrison . | . . . . Intercept . | . . . . Searches Triggered . | . . . . Construction Impeded . | . . . . Haulers Reinforced . | . . . . Active Scanning Responses . | . . . . Cargo Convoy Interrupts . | . . . . Stealth | -11 -10 -10 -9 --------- Run | Yrd Mat Min Mat Distress Signals 2 | . 2 . . Communications Jammed . | . . . . Distress Signals . | . . . . Times Spotted 39 | . 26 4 9 Peak Tracking Total 6 | . 6 2 4 Tactical Retreats 4 | . 4 . . Traps | -11 -10 -10 -9 ------- Run | Yrd Mat Min Mat Traps Triggered . | . . . . Indirectly . | . . . . Trap Hack Attempts . | . . . . Triggered . | . . . . Disarmed . | . . . . Reprogrammed . | . . . . Reused . | . . . . Traps Extracted . | . . . . Installed . | . . . . Triggered . | . . . . Machines | -11 -10 -10 -9 ---------- Run | Yrd Mat Min Mat Machines Disabled . | . . . . Max in Single Turn . | . . . . Machines Repaired . | . . . . Machines Dismantled . | . . . . Machines Sabotaged . | . . . . Overloaded Fab Kills . | . . . . Hacking | -11 -10 -10 -9 --------- Run | Yrd Mat Min Mat Machines Accessed 5 | . 3 . 2 Terminals 4 | . 2 . 2 Fabricators . | . . . . Repair Stations . | . . . . Recycling Units 1 | . 1 . . Scanalyzers . | . . . . Garrison Access . | . . . . Total Hacks 18 | . 8 . 10 Successful 12 | . 4 . 8 Failed 6 | . 4 . 2 Catastrophic 1 | . 1 . . Database Lockouts . | . . . . Manual . | . . . . Terminals 16 | . 6 . 10 Fabricators . | . . . . Repair Stations . | . . . . Recycling Units 2 | . 2 . . Scanalyzers . | . . . . Garrison Access . | . . . . Terminal Hacks 10 | . 2 . 8 Level Access Points 1 | . . . 1 Alert Level 4 | . 1 . 3 Unreport Threat 2 | . . . 2 Locate Traps 1 | . 1 . . Dispatch Records 1 | . . . 1 Zone Layout 1 | . . . 1 Fabricator Hacks . | . . . . Repair Station Hacks . | . . . . Recycling Unit Hacks 2 | . 2 . . Retrieve Matter 1 | . 1 . . Retrieve Components 1 | . 1 . . Scanalyzer . | . . . . Garrison Access Hacks . | . . . . Unauthorized Hacks . | . . . . Terminals . | . . . . Fabricators . | . . . . Repair Stations . | . . . . Recycling Units . | . . . . Scanalyzers . | . . . . Garrison Access . | . . . . Data Cores Recovered . | . . . . Used . | . . . . Hacking Detections 3 | . 2 . 1 Full Trace Events 2 | . 1 . 1 Feedback Events . | . . . . Feedback Blocked . | . . . . Robot Schematics Acquired . | . . . . Robots Built . | . . . . Authchips . | . . . . Time . | . . . . Total Robot Build Rating . | . . . . Part Schematics Acquired . | . . . . Parts Built . | . . . . Authchips . | . . . . Time . | . . . . Total Part Build Rating . | . . . . Parts Repaired . | . . . . Time . | . . . . Parts Recycled . | . . . . Recycled Matter . | . . . . Retrieved Matter 67 | . 67 . . Retrieved Components 9 | . 9 . . Parts Scanalyzed . | . . . . Part Schematics Acquired . | . . . . Parts Damaged . | . . . . Bothacking | -11 -10 -10 -9 ------------ Run | Yrd Mat Min Mat Used RIF Installer . | . . . . Robots Hacked . | . . . . Non-combat . | . . . . Combat . | . . . . Robot Hacks Applied . | . . . . Relay Couplers Released . | . . . . Fabnet Peak Effective % . | . . . . Robots Rewired . | . . . . Allies Hacked . | . . . . Hacks Repelled . | . . . . Allies | -11 -10 -10 -9 -------- Run | Yrd Mat Min Mat Total Allies . | . . . . Largest Group . | . . . . Highest-Rated Group . | . . . . Highest-Rated Ally . | . . . . Total Orders . | . . . . Ally Attacks . | . . . . Total Damage . | . . . . Kills . | . . . . Allies Corrupted . | . . . . Allies Melted . | . . . . Intel | -11 -10 -10 -9 ------- Run | Yrd Mat Min Mat Robot Analysis Total . | . . . . Derelict Logs Recovered 1 | . . 1 . Drone Launches . | . . . . Drone Recoveries . | . . . . Exploration | -11 -10 -10 -9 ------------- Run | Yrd Mat Min Mat Turns Passed 1673 | 47 802 454 370 Spaces Moved 1275 | 36 502 460 277 Core 7 | 7 . . . Treads . | . . . . Legs . | . . . . Wheels 1268 | 29 502 460 277 Hover . | . . . . Flight . | . . . . Fastest Speed 50 | 50 90 80 90 Average Speed 90 | 96 92 87 90 Slowest Speed 200 | 200 100 90 115 Overloaded Moves . | . . . . Propulsion Burnouts . | . . . . Robots Hopped . | . . . . Cave-ins Triggered . | . . . . Exploration Rate (%) 34 | 3 58 65 13 Regions Visited 3 Branch Regions 1 Pre-discovered Areas . | . . . . Known Exits Taken 2 | . 1 1 . Unknown Exits Taken 1 | 1 . . . Scrap Searched 1 | . . 1 . Spaces Dug . | . . . . Terrain Destroyed . | . . . . Melee . | . . . . Projectile . | . . . . AOE . | . . . . Terrain Rammed . | . . . . Walls Destroyed . | . . . . Machines Disabled . | . . . . Actions | -11 -10 -10 -9 --------- Run | Yrd Mat Min Mat Total 1567 | 45 696 479 347 Wait 113 | . 79 1 33 Move 1272 | 35 501 459 277 Hop . | . . . . Pick Up 11 | 4 5 1 1 Fast Attach 14 | 6 5 . 3 Attach 6 | . 3 1 2 Detach 1 | . 1 . . Swap 3 | . 3 . . Drop 10 | . 8 . 2 Fire 136 | . 90 17 29 Melee . | . . . . Ram 1 | . 1 . . Kick . | . . . . Crush . | . . . . Escape Stasis . | . . . . Rewire . | . . . . Trap . | . . . . Miscellaneous . | . . . . Route ------- -11/Scrapyard -10/Materials (discovered 2 exits: *Mat / *Min) -10/Mines -9/Materials (discovered 3 exits: Mat x3) History --------- Turn | Location | Event 6 | -11/Scrapyard | Discovered new exit (range 16) 48 | -11/Scrapyard | Entered Materials 306 | -10/Materials | Build established: Mutant 348 | -10/Materials | Discovered new exit (range 5) 626 | -10/Materials | Discovered new exit (range 7) 711 | -10/Materials | Core integrity fell below 50% 741 | -10/Materials | Identified exit to Mines 790 | -10/Materials | Identified exit to Materials 850 | -10/Materials | Entered Mines 885 | -10/Mines | Met a Derelict bent on vengeance 890 | -10/Mines | Learned Materials emergency access door positions 1020 | -10/Mines | Discovered exit to Materials (range 7) 1304 | -10/Mines | Entered Materials 1304 | -9/Materials | Evolved 2 slots: Utility x2 1399 | -9/Materials | Identified exit to Materials 1674 | -9/Materials | Self-destructed Last Messages --------------- SECURING TERMINAL." 01587_ ALERT: Hostiles spotted, dispatching reinforcements to Terminal M006. 01594_ O-16 Technician destroyed. 01595_ Acquired 4 matter. 01634_ Critical hit (Destroy). 01643_ S-10 Pest destroyed. 01644_ Acquired 16 matter. 01645_ Acquired 4 matter. 01646_ Wheel destroyed. 01647_ S-10 Pest destroyed. 01648_ Acquired 4 matter. 01656_ Acquired 1 matter. 01659_ Med. Armor Plating destroyed. 01661_ Tractor Beam destroyed. 01663_ Lgt. Assault Rifle destroyed. 01670_ Ion Engine destroyed. 01671_ Hvy. Assault Rifle destroyed. 01671_ Sensor Array destroyed. 01673_ Com. Wheel destroyed. Map ----- +----------------------------------------------------+ | ???????????????????????????????????????? | | ???????????????????????????????????????? | | ???????????????????????????????????????? | | ???????????????????????????????????????? | | ???????????????????????????????????????? | | ???????????????????????????????????????? | | ???????????????????????????????????????? | | ???????????????????????????????????????? | | ???????????????????????????????????????? | | ???????????????????????????????????????? | | ???????????????????????????????????????? | | ???????????????????????????????????????? | | ???????????????????????????????????????? | | ???????????????????????????????????????? | | ???????????????????????????????????????? | | ???????????????????????????????????????? | | ???????????????????????????????????????? | | ??????????????????????##???????????????? | | ?????????????????????? ???????????????? | | ?????????????????????? ######## ??????? | | ?????????????????##### # # ??????? | | ?????????????????? # * + ???????? | | ??????????????????# #= """ #????????? | | ??????????????????# #s """ #????????? | | ??????????????????# # *""" #????????? | | ??????????????????# # @s= #????????? | | ??????????????????# ##g##########???? | | ??????????????????# #???? | | ??????????????????# ######## #???? | | ??????????????????# #??????# #???? | | ??????????????????# #??????# #???? | | ??????????????????# ########?????# #???? | | ??????????????????# # T%= ####### #???? | | ??????????????????# + / + #???? | | ??????????????????### !![ #### #???? | | ????????????????????# ![[ #??# #???? | | ????????????????????# ![[ #??# #???? | | ????????????????????# #??# #???? | | ????????????????########+###??# = #???? | | ????????????????# # #???## !% #???? | | ????????????????# # ##### # #???? | | ????????????????# " " + T # #???? | | ????????????????# "R" # ## # #???? | | ????????????????#[ """ # ###### #???? | | ????????????????# # #????# #???? | | ????????????????######## #????# #???? | | ????????????????????####+##+##???# #???? | | ????????????????????# [ ![#???# #???? | | ????????????????????# == #???# #???? | | ????????????????????# #???# #???? | +----------------------------------------------------+ Best States ------------- Heat Dissipation 28 Energy Generation 10 Energy Capacity 250 Matter Stores 500 Matter Capacity 500 Sight Range 16 Robot Scan Range 14 Terrain Scan Density 10 Armor Coverage 225 Evasion (%) 44 Item Schematics ----------------- None Robot Schematics ------------------ None Fabricated ------------ Nothing Alien Tech Used ----------------- None Achievements -------------- Use The Force Challenges ------------ None Game ------ Seed SpikedSpectralRay Manual? 0 Play Time 00:18:34 Cumulative 53.1 hours Start 2024.08.18 @ 01:43:45 End 2024.08.18 @ 02:01:15 Sessions 1 Manual Loads 0 Difficulty Rogue Special Mode None Game No. 32 Rogue 22 Adventurer 10 Explorer 0 Win Type - Total 0 Types 0/0/0/0/0/0/0/0/0 Lore% 12 Gallery% 32 Achievement% 26 Wizard Run 0 Options --------- Layout 1 ASCII 0 Keyboard 0 Movement Mouse Keybinds 0 Fullscreen 2 Font 24/Smallcaps Map View 50x35 Zoom Use 0% Tactical HUD 1 Map Filters NONE Filters NONE Steam 1 RUN: 7bc801bc-567c-466d-a78c-08aff3b99ecb